 Dungeon Crawl Stone Soup version 0.24-a0-613-g1ff6aac338 (webtiles) character file.

Game seed: 2293000582446446200, levelgen mode: deterministic

50 Peloso the Shield-Bearer (level 3, -2/33 HPs)
             Began as a Minotaur Fighter on Sept 11, 2019.
             Killed by nerve-wracking pain
             ... invoked by Jessica
              (6 damage)
             ... on level 2 of the Dungeon.
             The game lasted 00:02:42 (1486 turns).

Peloso the Shield-Bearer (Minotaur Fighter)         Turns: 1486, Time: 00:02:43

Health: -2/33      AC:  7    Str: 18 (20) XL:     3   Next: 55%
Magic:  2/2        EV:  7    Int:  3 (5)  God:
Gold:   123        SH:  9    Dex:  9 (10) Spells: 2/2 levels left

rFire    . . .     SeeInvis .   a - +0 long sword
rCold    . . .     Gourm    .   c - +0 shield
rNeg     . . .     Faith    .   b - +0 scale mail
rPois    .         Spirit   .   (helmet restricted)
rElec    .         Reflect  .   (no cloak)
rCorr    .         Harm     .   (no gloves)
MR       .....                  (no boots)
Stlth    ..........             (no amulet)
HPRegen  0.11/turn              (no ring)
MPRegen  0.08/turn              (no ring)

@: no status effects
A: retaliatory headbutt, horns 2
a: no special abilities


You were on level 2 of the Dungeon.
You were not hungry.

You visited 1 branch of the dungeon, and saw 2 of its levels.

You collected 123 gold pieces.

Inventory:

Hand Weapons
 a - a +0 long sword (weapon)
 g - a +1 hand axe of freezing
Armour
 b - a +0 scale mail (worn)
 c - a +0 shield (worn)
Scrolls
 e - a scroll of fear {unknown}
 i - 2 scrolls of remove curse {unknown}
Potions
 d - a potion of might
 h - a potion of agility
 j - a potion of curing
Comestibles
 f - 2 rations


   Skills:
 + Level 4.1 Fighting
 + Level 2.8 Long Blades
 + Level 4.1 Armour
 + Level 0.9 Dodging
 + Level 4.4 Shields


You had 2 spell levels left.
You didn't know any spells.
Your spell library was empty.

Dungeon Overview and Level Annotations

Branches:
Dungeon (2/15)

Altars:
Fedhas
Kikubaaqudgha
Ru
Trog
Wu Jian

Annotations:
D:2 Jessica


Innate Abilities, Weirdness & Mutations

You reflexively headbutt those who attack you in melee.
You have a pair of horns on your head.


Message History

Jessica is moderately wounded.
Jessica hits you with a +0 dagger. The quokka barely misses you.
You riposte.
You barely miss the quokka.
Jessica casts a spell.
Jessica blinks!
The quokka bites you but does no damage. x2
Jessica gestures at you while chanting. Pain shoots through your body!
You closely miss the quokka. Jessica gestures at you while chanting.
Pain shoots through your body!
* * * LOW HITPOINT WARNING * * *
The quokka barely misses you. You furiously retaliate!
You headbutt the quokka.
You riposte.
You barely miss the quokka.
The quokka is severely wounded.
You hit the quokka.
You kill the quokka!
Jessica points at you and mumbles some strange words.
Pain shoots through your body!
You die...

#.....♣♣ #.....♣♣
#.....♣. #.....♣.
####### #.....♣.
##.....## ####'#♣♣
##.......## #.#..
##..#####..## #####.#..
#..##.?@##..####...#.#.#
#..#@..†.#...†...#...#.#
#..'.....#..########.#.#
#..#.....#..# ##_##.#.#
#..##...##..# #...###.#
#...#####...#####'####.#
#...........##.#...#.##.
##.............).⌠.'._##
##.......####.#...#.##.


You could see Jessica.

Vanquished Creatures
  An adder (D:2)
  2 dart slugs (D:1)
  8 goblins (D:1)
  6 hobgoblins
  2 jackals (D:2)
  A quokka (D:2)
  7 bats
  A frilled lizard (D:1)
  2 kobolds
  3 rats (D:1)
33 creatures vanquished.

Notes
Turn   | Place    | Note
-------+----------+-------------------------------------------
     0 | D:1      | Peloso the Minotaur Fighter began the quest for the Orb.
     0 | D:1      | Reached XP level 1. HP: 19/19 MP: 0/0
   153 | D:1      | Reached XP level 2. HP: 27/27 MP: 1/1
   526 | D:2      | Found a faded altar of an unknown god.
   594 | D:2      | Reached XP level 3. HP: 33/33 MP: 2/2
   856 | D:2      | Found a sacrificial altar of Ru.
   867 | D:2      | Found an ancient bone altar of Kikubaaqudgha.
  1440 | D:2      | Found a bloodstained altar of Trog.
  1447 | D:2      | Found an ornate altar of the Wu Jian Council.
  1450 | D:2      | Found a blossoming altar of Fedhas.
  1477 | D:2      | Noticed Jessica
  1486 | D:2      | Killed from afar by Jessica

Levels and vault maps discovered:
D:1:      minmay_arrival_four_loops, layout_rooms, grunt_decor_clamped
D:2:      layout_basic, amethyst_overflow_temple_binary,
          grunt_temple_overflow_diamond, serial_forest,
          infiniplex_forest_clump_large, infiniplex_forest_zigzag_1,
          infiniplex_forest_lined_room_3, infiniplex_forest_clump_double,
          infiniplex_forest_clump_C, infiniplex_forest_lined_room_3,
          infiniplex_forest_lined_room_, infiniplex_forest_corner_2,
          infiniplex_forest_clump_cross, chequers_ecumenical_altar_simple,
          kennysheep_jessica_study, uniq_jessica

Skill      XL: |  1  2 |
---------------+-------+-----
Armour         | 4 |  4.1
Fighting       | 4 |  4.1
Shields        | 4 |  4.4
Long Blades    | |  2.8
Dodging        | |  0.9

Action                   || total
-------------------------++-------
Melee: Long sword        ||    97
       Headbutt          ||     9
  Use: Potion            ||     3
       Scroll            ||     1
  Eat: Chunk             ||     2
Armor: Scale mail        ||    55
Dodge: Dodged            ||    35
Block: Shield            ||    62
       Rpst.: Long sword ||     8

Table legend:
 A = Non-vault XP
 B = Vault XP
 C = Vault XP percentage of total XP
 D = Non-vault monster count
 E = Vault monster count
 F = Vault count percentage of total count
                 A         B        C        D         E       F
            +---------+---------+-------+---------+---------+-------
      Total |      70 |       2 |   2.8 |      32 |       1 |   3.0
            +---------+---------+-------+---------+---------+-------
        D:1 |      38 |       0 |   0.0 |      20 |       0 |   0.0
        D:2 |      32 |       2 |   5.9 |      12 |       1 |   7.7
            +---------+---------+-------+---------+---------+-------
